 Dungeon Crawl Stone Soup version 0.27-a0-1502-g47ed6a6988 (webtiles) character file.

Game seed: 1489258719076828464

543 garrulousMonolith the Slasher (level 7, -1/53 HPs)
             Began as a Demonspawn Gladiator on July 8, 2021.
             Killed by divine providence
             ... invoked by an orc priest
              (16 damage)
             ... on level 4 of the Dungeon.
             The game lasted 00:07:03 (3600 turns).

garrulousMonolith the Slasher (DsGl)                Turns: 3600, Time: 00:07:03

Health: -1/53      AC:  5    Str: 14    XL:     7   Next: 6%
Magic:  4/7        EV: 13    Int: 11    God:
Gold:   109        SH:  0    Dex: 15    Spells: 5/6 levels left

rFire    . . .     SeeInvis .   b - +2 dagger (elec)
rCold    . . .     Faith    .   (no shield)
rNeg     . . .     Spirit   .   i - +0 leather armour
rPois    +         Reflect  .   c - +0 helmet
rElec    .         Harm     .   k - +0 cloak
rCorr    .         Rampage  .   (no gloves)
Will     .....                  (no boots)
Stlth    +.........             l - amulet of the acrobat
HPRegen  0.17/turn              e - ring of wizardry
MPRegen  0.10/turn              h - ring of poison resistance

@: no status effects
A: claws 2, demonic guardian 1, foul stench 1
a: no special abilities


You were on level 4 of the Dungeon.
You visited 1 branch of the dungeon, and saw 4 of its levels.

You collected 109 gold pieces.

Inventory:

Hand Weapons
 a - a +0 scimitar
 b - a +2 dagger of electrocution (weapon)
Missiles
 d - 2 throwing nets
 f - 40 stones (quivered)
Armour
 c - a +0 helmet (worn)
 i - a +0 leather armour (worn)
 k - a +0 cloak (worn)
Jewellery
 e - a ring of wizardry (left claw)
 h - a ring of poison resistance (right claw)
 l - an amulet of the acrobat (around neck)
Scrolls
 j - a scroll of identify
 n - a scroll of immolation {unknown}
Potions
 g - 3 potions of curing
 m - a potion of haste {unknown}


   Skills:
 + Level 3.8 Fighting
 * Level 5.0 Long Blades
 - Level 2.0 Throwing
 + Level 2.7 Armour
 + Level 4.0 Dodging


You had 5 spell levels left.
You knew the following spells:

 Your Spells              Type           Power      Damage    Failure   Level
a - Sting                 Tmut/Pois      0%         1d3       17%         1

Your spell library contained the following spells:

 Spells                   Type           Power      Damage    Failure   Level
 Poisonous Vapours        Pois/Air       0%         N/A       26%         2
 Ozocubu's Armour         Ice            0%         N/A       45%         3
 Olgreb's Toxic Radiance  Pois           0%         N/A       83%         4
 Summon Lightning Spire   Summ/Air       0%         N/A       83%         4
 Metabolic Englaciation   Hex/Ice        0%         N/A       99%         5
 Simulacrum               Ice/Necr       0%         N/A       100%        6
 Storm Form               Tmut/Air       0%         N/A       100%        7
 Maxwell's Capacitive Co  Air            0%         ∞         100%        8


Dungeon Overview and Level Annotations

Branches:
Dungeon (4/15)
 Temple: D:4-7

Altars:
Hepliaklqana

Shops:
D:1 :


Innate Abilities, Weirdness & Mutations

You have very sharp fingernails.
A weak demonic guardian rushes to your aid.
You may rarely emit foul miasma when damaged in melee.


Message History

Casting: Sting (safe; 17% risk of failure)
Confirm with . or Enter, or press ? or * to list all spells.
Aiming: Sting (safe; 17% risk of failure)
Press: ? - help, Shift-Dir - straight line, f/p - orc priest
Aim: an orc priest, wielding a +0 war axe and wearing a +0 leather armour (heavily wounded, 64% to hit)
The sting misses the orc priest.
The hobgoblin closely misses you. The orc priest closely misses you.
You hit the hobgoblin.
Lightning courses through the hobgoblin!
You kill the hobgoblin!
The orc priest miscasts a cantrip.
You have reached level 7!
Your demonic ancestry asserts itself...
Your fingernails sharpen.
You aren't carrying any items that you can evoke.
As you read the scroll labelled QUC WYAXIZXE, it crumbles to dust.
It is a scroll of identify.
g - 4 potions of curing You feel better.
The orc hits you with a +2 falchion of holy wrath.
You convulse.
You hit the orc. Lightning courses through the orc!
You kill the orc!
Your Dodging skill increases to level 4!
The orc priest invokes the aid of Beogh against you.
Beogh smites you!
The orc priest hits you but does no damage.
Things that are here:
a +2 falchion of holy wrath; a +0 ring mail; a pink potion You hit the orc priest but do no damage.
Lightning courses through the orc priest!
You kill the orc priest!
The orc priest mumbles some strange prayers to Beogh against you.
Pain shoots through your body!
* * * LOW HITPOINT WARNING * * *
You completely miss the orc priest. You closely miss the orc priest.
The orc priest calls down the wrath of Beogh upon you.
Beogh smites you!
You die...

#...........# #......##.
..#..######## #.........
#.......#######.......#
..#..##..))...#......#
#....########........#
..#..# ###......##.
#....# #......... ..#.##
#......... #...##
###@###8...
.†#..#########.o)# ....
#.....##.....).##.....<.
......##.....### .......
......##............8..
......##.....###......>
......##...... ......
............J. ......
........#####.#


You could see an orc priest.

Vanquished Creatures
  A necrophage (D:4)
  An ogre (D:4)
  2 orc priests
  Crazy Yiuf (D:2)
  A centaur skeleton (D:4)
  Jessica (D:2)
  3 orc wizards
  5 adders
  2 worms
  3 dart slugs
  11 orcs
  2 bats (D:2)
  6 endoplasms
  8 giant cockroaches
  3 goblins
  7 hobgoblins
  2 jackals (D:1)
  2 quokkas
  4 ball pythons
  4 frilled lizards
  8 kobolds
  10 rats
87 creatures vanquished.

Vanquished Creatures (collateral kills)
  An orc priest (D:3)
1 creature vanquished.

Vanquished Creatures (others)
  3 fungi (D:1)
  5 plants (D:1)
8 creatures vanquished.

Grand Total: 96 creatures vanquished

Notes
Turn   | Place    | Note
-------+----------+-------------------------------------------
     0 | D:1      | garrulousMonolith the Demonspawn Gladiator began the quest
                  | for the Orb.
     0 | D:1      | Reached XP level 1. HP: 16/16 MP: 1/1
   294 | D:1      | Gained mutation: You may rarely emit foul miasma when
                  | damaged in melee. [demonic ancestry]
   294 | D:1      | Reached XP level 2. HP: 22/22 MP: 2/2
   368 | D:1      | Found Baunut's Book Shop.
   433 | D:1      | Reached skill level 3 in Long Blades
   613 | D:1      | Found a faded altar of an unknown god.
  1284 | D:2      | Gained mutation: You have sharp fingernails. [demonic
                  | ancestry]
  1284 | D:2      | Reached XP level 3. HP: 27/27 MP: 3/3
  1318 | D:2      | Found a hazy altar of Hepliaklqana.
  1471 | D:2      | Reached skill level 1 in Armour
  1586 | D:2      | Noticed Jessica
  1595 | D:2      | Killed Jessica
  1596 | D:2      | Gained mutation: A weak demonic guardian rushes to your
                  | aid. [demonic ancestry]
  1596 | D:2      | Reached XP level 4. HP: 32/34 MP: 4/4
  1620 | D:2      | Found a runed translucent door.
  1621 | D:2      | Noticed Crazy Yiuf
  2056 | D:2      | Killed Crazy Yiuf
  2176 | D:3      | Reached XP level 5. HP: 40/40 MP: 5/5
  2187 | D:3      | Reached skill level 4 in Long Blades
  3168 | D:3      | Reached XP level 6. HP: 47/47 MP: 6/6
  3452 | D:4      | Learned a level 1 spell: Sting
  3505 | D:4      | Reached skill level 5 in Long Blades
  3591 | D:4      | Gained mutation: You have very sharp fingernails. [demonic
                  | ancestry]
  3591 | D:4      | Reached XP level 7. HP: 23/53 MP: 3/7
  3600 | D:4      | Killed from afar by an orc priest

Illustrated notes

Levels and vault maps discovered:
D:1:      giann_forest_graveyard, layout_basic, serial_shops,
          nicolae_shop_trees, shapermc_ecumenical_altar_mp_urbaneastern
D:2:      layout_loops_cross, basic_altar, uniq_crazy_yiuf_cottage, uniq_jessica
D:3:      layout_loops_ring
D:4:      kennysheep_goblin_castle, layout_rooms, serial_shops,
          nicolae_stop_n_shop_1, minmay_statues_item, minmay_misc_feat_pillars

Skill      XL: |  1  2  3  4  5  6  7 |
---------------+----------------------+-----
Throwing       | 2 |  2.0
Long Blades    | 3 4 5 |  5.0
Dodging        | 3 4 |  4.0
Armour         | 1 2 |  2.7
Fighting       | 3 |  3.8

Action                   |  1- 3 |  4- 6 |  7- 9 || total
-------------------------+-------+-------+-------++-------
Melee: Long sword        |    39 |       |       ||    39
       Dagger            |    45 |   161 |     4 ||   210
       Scimitar          |    10 |     3 |       ||    13
       Rapier            |     3 |       |       ||     3
Throw: Throwing net      |       |     1 |       ||     1
       Stone             |       |     9 |       ||     9
 Cast: Sting             |       |     9 |       ||     9
  Use: Scroll            |       |       |     1 ||     1
       Potion            |       |       |     1 ||     1
 Stab: Sleeping          |     4 |       |       ||     4
       Distracted        |     1 |       |       ||     1
Armor: Leather armour    |    21 |    29 |     1 ||    51
Dodge: Dodged            |    76 |   102 |       ||   178
       Rpst.: Long sword |     9 |       |       ||     9
       Scimitar          |       |     1 |       ||     1

Table legend: (Time is in decaauts)
 A = Elapsed time spent in this place.
 B = Non-inter-level travel time spent in this place.
 C = Inter-level travel time spent in this place.
 D = Time resting spent in this place.
 E = Time spent auto-exploring this place.
 F = Levels seen in this place.
 G = Mean time per level.
                   A        B        C        D        E       F      G
               +--------+--------+--------+--------+--------+-----+--------+
         Total |   3584 |   3529 |     55 |    294 |   2499 |   4 |  896.0 |
       Dungeon |   3584 |   3529 |     55 |    294 |   2499 |   4 |  896.0 |
               +--------+--------+--------+--------+--------+-----+--------+

Top non-repeatable levels by time:
     D:1: 1282 daAuts
     D:3: 1151 daAuts
     D:2: 893 daAuts
     D:4: 257 daAuts
